 Dungeon Sprint DCSS version 0.28.0-47-ge53b351184 (webtiles) character file.

Game seed: 8951374018040655732

21762 Arandomuser85 the Minotaur Blade (level 12, 0/140 HPs)
             Began as a Minotaur Berserker on Apr 29, 2022.
             Was the Champion of Trog.
             Shot with an arrow by Nessos (1 damage)
             ... in the Dungeon (Sprint IX: "|||||||||||||||||||||||||||||").
             The game lasted 00:07:59 (2985 turns).

Arandomuser85 the Minotaur Blade (MiBe)             Turns: 2985, Time: 00:08:00

Health: 0/140      AC: 34    Str: 23    XL:     12   Next: 57%
Magic:  11/11      EV: 13    Int:  4    God:    Trog [******]
Gold:   1155       SH:  0    Dex: 20    Spells: 11/11 levels left

rFire   . . .      SeeInvis .   t - +9 great sword (flame)
rCold   . . .      Faith    .   (shield currently unavailable)
rNeg    . . .      Spirit   .   y - +2 plate armour {rPois}
rPois   +          Reflect  .   (helmet restricted)
rElec   .          Harm     .   w - +2 cloak
rCorr   .          Rampage  .   C - +1 pair of gloves
Will    .....      NoTele   +   l - +2 pair of boots
Stlth   ..........              (no amulet)
HPRegen 0.33/turn               d - +6 ring of dexterity
MPRegen 0.12/turn               p - +4 ring of protection

@: lethally poisoned (0 -> -6)
A: horns 2, retaliatory headbutt
a: Renounce Religion, Berserk, Trog's Hand, Brothers in Arms


You were in the Dungeon.
You worshipped Trog.
Trog was exalted by your worship.
You visited 1 branch You collected 1915 gold pieces.
You spent 760 gold pieces at shops.

Inventory:

Hand Weapons
 a - a +0 falchion
 k - a +2 scimitar of holy wrath
 t - a +9 great sword of flaming (weapon)
 x - a +3 antimagic triple sword
 E - a +3 antimagic triple sword
Armour
 b - a +0 animal skin
 l - a +2 pair of boots (worn)
 m - a +1 chain mail of cold resistance
 q - a +0 plate armour
 w - a +2 cloak (worn)
 y - a +2 plate armour of poison resistance (worn)
 B - a +1 pair of gloves
 C - a +1 pair of gloves (worn)
Jewellery
 d - a +6 ring of dexterity (left hand)
 n - a +3 ring of dexterity
 o - a +3 ring of strength
 p - a +4 ring of protection (right hand)
 r - a +4 ring of protection
 z - a ring of see invisible
 A - a ring of ice
Wands
 j - a wand of acid (10)
Scrolls
 h - 3 scrolls of blinking
 s - 2 scrolls of fear
 u - 2 scrolls of fog
Potions
 c - 9 potions of curing
 e - 3 potions of haste
 f - 4 potions of magic
 g - a potion of berserk rage
 i - a potion of invisibility
 v - a potion of flight
 D - a potion of might


   Skills:
 + Level 23.0 Fighting
 + Level 23.8 Long Blades
 + Level 17.9 Armour
 + Level 9.7 Dodging


You had 11 spell levels left.
You didn't know any spells.
Your spell library was empty.

Dungeon Overview and Level Annotations

Branches:
Dungeon (1/1)

Altars:
Cheibriados
Dithmenos
Elyvilon
Fedhas
Gozag
Hepliaklqana
Kikubaaqudgha
Makhleb
Nemelex Xobeh
Okawaru
Qazlal
Ru
Sif Muna
Trog
Uskayaw
Vehumet
Wu Jian
Xom
Yredelemnul
Zin
The Shining One
Beogh
Jiyva
Lugonu

Shops:
D (=[=

Annotations:
D Nessos


Innate Abilities, Weirdness & Mutations

You have a pair of horns on your head.
You reflexively headbutt those who attack you in melee.


Message History

Nessos shoots an arrow.
The arrow hits you! The arrow burns you.
You feel very sick.
Nessos shoots an arrow.
The arrow closely misses you.
You feel sick.
Nessos shoots an arrow.
The arrow closely misses you.
You feel sick.
Nessos stands on their hind legs for a moment.
Nessos shoots an arrow.
The arrow hits you!! The arrow burns you.
You feel sick.
Nessos gestures wildly while chanting.
Nessos blinks!
Nessos mumbles some strange words.
Nessos blinks!
You feel sick.
Nessos mumbles some strange words.
Nessos blinks!
You feel sick.
Nessos shoots an arrow.
The arrow hits you!!
* * * LOW HITPOINT WARNING * * *
The arrow burns you!
You are more poisoned.
* * * LOW HITPOINT WARNING * * *
Nessos shoots an arrow.
The arrow misses you.
Nessos shoots an arrow.
The arrow hits you!
* * * LOW HITPOINT WARNING * * *
The arrow burns you.
* * * LOW HITPOINT WARNING * * *
You feel very sick.
Nessos shoots an arrow.
The arrow hits you!
* * * LOW HITPOINT WARNING * * *
The arrow burns you.
* * * LOW HITPOINT WARNING * * *
Nessos shoots an arrow.
The arrow completely misses you.
* * * LOW HITPOINT WARNING * * *
You feel very sick.
Nessos mumbles some strange words.
Nessos blinks!
Nessos gestures wildly while chanting.
Nessos blinks!
* * * LOW HITPOINT WARNING * * *
You feel sick.
Nessos shoots an arrow.
The arrow hits you.
You die...

.................................
▓▓▓▓▓▓▓▓▓▓▓▓▓▓▓▓▓▓▓▓▓▓▓▓▓▓▓▓▓▓▓▓▓
))))))))...')))))∩)∩.∩.∩.....'...
▓▓▓▓▓▓▓▓▓▓▓▓▓▓▓▓▓▓▓▓▓▓▓▓▓▓▓▓▓▓▓▓▓
......[[)........................
▓▓▓▓▓▓▓▓▓▓▓▓▓▓▓▓▓▓▓▓▓▓▓▓▓▓▓▓▓▓▓▓▓
.[[....!....)))))÷))[).......'...
▓▓▓▓▓▓▓▓▓▓▓▓▓▓▓▓▓▓▓▓▓▓▓▓▓▓▓▓▓▓▓▓▓
.......@....§.c.........
♣♣♣♣♣♣♣▓▓▓▓▓▓▓▓▓▓▓▓▓▓▓▓▓


You could see Nessos (fast).

Vanquished Creatures
  A fire giant (D)
  An ettin (D)
  Josephine (D)
  A great orb of eyes (D)
  A rakshasa (D)
  An ice dragon (D)
  4 centaur warriors (D)
  A vampire mage (D)
  3 orc high priests (D)
  A skeletal warrior (D)
  A glowing orange brain (shapeshifter) (D)
  A flayed ghost (D)
  A wizard (D)
  4 orc knights (D)
  A deep elf pyromancer (D)
  A manticore (D)
  7 cane toads (D)
  Psyche (D)
  2 komodo dragons (D)
  A wind drake (shapeshifter) (D)
  A slime creature (D)
  2 tyrant leeches (D)
  2 blink frogs (D)
  7 wraiths (D)
  4 yaks (D)
  3 basilisks (D)
  3 vampire mosquitoes (D)
  A water moccasin (D)
  13 orc warriors (D)
  A wolf (D)
  2 centaurs (D)
  2 bullfrogs (D)
  A hound (D)
  4 orc priests (D)
  3 orc wizards (D)
  A gnoll (D)
  An adder zombie (D)
  11 orcs (D)
  2 goblins (D)
  A jackal (D)
  A quokka zombie (D)
  2 rats (D)
103 creatures vanquished.

Vanquished Creatures (collateral kills)
  An orc high priest (D)
  2 orcs (D)
3 creatures vanquished.

Vanquished Creatures (others)
  A shadow (D)
  A vampire (D)
2 creatures vanquished.

Grand Total: 108 creatures vanquished

Notes
Turn   | Place    | Note
-------+----------+-------------------------------------------
     0 | D        | Arandomuser85 the Minotaur Berserker began the quest for
                  | the Orb.
     0 | D        | Reached XP level 1. HP: 19/19 MP: 0/0
     8 | D        | Reached ** piety under Trog
     9 | D        | Reached skill level 5 in Long Blades
     9 | D        | Reached XP level 2. HP: 21/28 MP: 1/1
    13 | D        | Reached skill level 5 in Fighting
   120 | D        | Noticed a centaur
   129 | D        | Reached XP level 3. HP: 37/37 MP: 2/2
   129 | D        | Reached *** piety under Trog
   133 | D        | Killed a centaur
   134 | D        | Reached XP level 4. HP: 28/48 MP: 3/3
   297 | D        | Found a snail-covered altar of Cheibriados.
   297 | D        | Found a shadowy altar of Dithmenos.
   297 | D        | Found a white marble altar of Elyvilon.
   297 | D        | Found a blossoming altar of Fedhas.
   297 | D        | Found an opulent altar of Gozag.
   298 | D        | Found a hazy altar of Hepliaklqana.
   299 | D        | Found a viscous altar of Jiyva.
   300 | D        | Found an ancient bone altar of Kikubaaqudgha.
   301 | D        | Found a corrupted altar of Lugonu.
   302 | D        | Found a burning altar of Makhleb.
   303 | D        | Found a sparkling altar of Nemelex Xobeh.
   304 | D        | Found an iron altar of Okawaru.
   305 | D        | Found a stormy altar of Qazlal.
   306 | D        | Found a sacrificial altar of Ru.
   307 | D        | Found a shimmering blue altar of Sif Muna.
   308 | D        | Found a bloodstained altar of Trog.
   309 | D        | Found a hide-covered altar of Uskayaw.
   310 | D        | Found a radiant altar of Vehumet.
   311 | D        | Found an ornate altar of the Wu Jian Council.
   312 | D        | Found a shimmering altar of Xom.
   313 | D        | Found a basalt altar of Yredelemnul.
   314 | D        | Found a glowing silver altar of Zin.
   315 | D        | Found a glowing golden altar of the Shining One.
   363 | D        | Noticed a yak
   363 | D        | Noticed a wraith
   363 | D        | Noticed an orc warrior
   363 | D        | Noticed an orc warrior
   363 | D        | Noticed a centaur
   368 | D        | Killed a yak
   369 | D        | Reached skill level 10 in Long Blades
   369 | D        | Reached skill level 5 in Armour
   369 | D        | Reached skill level 5 in Dodging
   369 | D        | Reached XP level 5. HP: 57/57 MP: 4/4
   369 | D        | Reached XP level 6. HP: 64/64 MP: 5/5
   371 | D        | Reached **** piety under Trog
   375 | D        | Killed a wraith
   376 | D        | Reached skill level 10 in Fighting
   376 | D        | Killed an orc warrior
   377 | D        | Reached XP level 7. HP: 74/74 MP: 6/6
   381 | D        | Reached ***** piety under Trog
   441 | D        | Noticed a wind drake
   441 | D        | Noticed a slime creature
   441 | D        | Noticed a vampire
   441 | D        | Noticed a shadow
   441 | D        | Noticed a centaur warrior
   441 | D        | Noticed a wraith
   452 | D        | Killed a wind drake
   458 | D        | Killed a slime creature
   459 | D        | Reached XP level 8. HP: 85/85 MP: 7/7
   470 | D        | Killed a centaur warrior
   471 | D        | Reached skill level 15 in Long Blades
   750 | D        | Noticed a cane toad
   750 | D        | Noticed a cane toad
   750 | D        | Noticed a komodo dragon
   753 | D        | Noticed a cane toad
   755 | D        | Killed a cane toad
   755 | D        | Received a gift from Trog
   756 | D        | Reached XP level 9. HP: 96/96 MP: 8/8
   772 | D        | Noticed a komodo dragon
   782 | D        | Killed a cane toad
   783 | D        | Reached skill level 15 in Fighting
   783 | D        | Reached skill level 10 in Armour
   785 | D        | Killed a komodo dragon
   812 | D        | Killed a cane toad
   812 | D        | Received a gift from Trog
   817 | D        | Killed a komodo dragon
   931 | D        | Noticed a cane toad
   931 | D        | Noticed a cane toad
   931 | D        | Noticed a cane toad
   935 | D        | Killed a cane toad
   936 | D        | Reached XP level 10. HP: 107/107 MP: 9/9
   941 | D        | Killed a cane toad
   943 | D        | Killed a cane toad
   947 | D        | Reached ****** piety under Trog
   947 | D        | Received a gift from Trog
  1231 | D        | Noticed a cane toad
  1232 | D        | Killed a cane toad
  1261 | D        | Received a gift from Trog
  1539 | D        | Noticed an orc knight
  1548 | D        | Killed an orc knight
  1554 | D        | Received a gift from Trog
  1650 | D        | Received a gift from Trog
  1654 | D        | Reached XP level 11. HP: 119/119 MP: 10/10
  1665 | D        | Received a gift from Trog
  1784 | D        | Found Utseje's Antique Weapon Emporium.
  1784 | D        | Noticed an orc high priest
  1784 | D        | Noticed an orc knight
  1784 | D        | Noticed an orc high priest
  1788 | D        | Killed an orc high priest
  1789 | D        | Found Jimme's Jewellery Shoppe.
  1791 | D        | Noticed an orc high priest
  1797 | D        | Killed an orc knight
  1798 | D        | Reached skill level 15 in Armour
  1798 | D        | Noticed an orc knight
  1802 | D        | Found Xez Sonu's Antique Armour Emporium.
  1802 | D        | Noticed an orc knight
  1809 | D        | Killed an orc high priest
  1810 | D        | Found Cyfodwor's Jewellery Shoppe.
  1811 | D        | Noticed an orc high priest
  1813 | D        | Killed an orc high priest
  1813 | D        | Received a gift from Trog
  1816 | D        | Killed an orc knight
  1821 | D        | Killed an orc knight
  1821 | D        | HP: 4/123 [red devil/+1 demon trident of electrocution[an
                  | orc high priest] (12)]
  1832 | D        | Killed an orc high priest
  1910 | D        | Bought a +6 ring of dexterity for 760 gold pieces
  2185 | D        | Noticed Psyche
  2187 | D        | Noticed Josephine
  2189 | D        | Killed Psyche
  2189 | D        | Received a gift from Trog
  2198 | D        | Killed Josephine
  2594 | D        | Noticed a wizard
  2594 | D        | Noticed a centaur warrior
  2594 | D        | Noticed a centaur warrior
  2594 | D        | Noticed a deep elf pyromancer
  2594 | D        | Noticed a centaur warrior
  2597 | D        | Killed a wizard
  2597 | D        | Received a gift from Trog
  2598 | D        | Noticed a rakshasa
  2600 | D        | Noticed a skeletal warrior
  2601 | D        | Killed a centaur warrior
  2602 | D        | Noticed a great orb of eyes
  2603 | D        | Killed a centaur warrior
  2605 | D        | Noticed a flayed ghost
  2605 | D        | Killed a deep elf pyromancer
  2606 | D        | Reached XP level 12. HP: 136/136 MP: 11/11
  2608 | D        | Killed a centaur warrior
  2611 | D        | Received a gift from Trog
  2612 | D        | Noticed a fire giant
  2614 | D        | Killed a rakshasa
  2620 | D        | Noticed a vampire mage
  2621 | D        | Killed a great orb of eyes
  2622 | D        | Noticed an ice dragon
  2625 | D        | Noticed an ettin
  2628 | D        | Killed a fire giant
  2633 | D        | Received a gift from Trog
  2635 | D        | Killed a vampire mage
  2640 | D        | Killed an ice dragon
  2643 | D        | Killed an ettin
  2967 | D        | Noticed Nessos
  2983 | D        | HP: 7/140 [Nessos/arrow (7)]
  2984 | D        | HP: 3/140 [poisoned by Nessos]
  2985 | D        | HP: 1/140 [poisoned by Nessos]
  2985 | D        | Shot with an arrow by Nessos

Illustrated notes

Levels and vault maps discovered:
D:        linesprint [early_d, line_temple, items_1, d_10, items_2, lair_1,
          lair_end, items_3, orc_1, orc_end, items_4, d_15, swamp_1, shoals_1,
          snake_1, spider_1, d_20, vaults_1, items_5, swamp_end, shoals_end,
          snake_end, spider_end, vaults_end, d_27, items_6, zot_1, zot_end,
          crypt_end, forest_end, elf_end, slime_end, tomb_end, abyss_end,
          pan_hell_end]

Skill      XL: |  1  2  3  4  5  6  7  8  9 10 11 12 |
---------------+-------------------------------------+-----
Fighting       | 4 6 7 9 11 12 14 16 18 21 23 | 23.0
Long Blades    | 5 6 8 10 12 14 16 18 19 22 23 | 23.8
Armour         | 3 4 5 6 7 9 11 14 16 17 | 17.9
Dodging        | 3 4 5 6 7 8 9 |  9.7

Action                   |  1- 3 |  4- 6 |  7- 9 | 10-12 || total
-------------------------+-------+-------+-------+-------++-------
Melee: Falchion          |    19 |     7 |       |       ||    26
       Headbutt          |     1 |     2 |    18 |    33 ||    54
       Scimitar          |       |    12 |    68 |       ||    80
       Punch             |       |       |     1 |       ||     1
       Great sword       |       |       |     3 |   169 ||   172
Invok: Berserk           |     1 |     1 |     3 |     4 ||     9
       Brothers in Arms  |       |       |       |     1 ||     1
  Use: Scroll            |       |       |     5 |     4 ||     9
       Potion            |       |       |     3 |     3 ||     6
Armor: Animal skin       |     3 |     2 |       |       ||     5
       Chain mail        |       |     1 |    42 |    35 ||    78
       Plate armour      |       |       |       |    59 ||    59
Dodge: Dodged            |     5 |     6 |    32 |    72 ||   115
